Description

Cyclone pressure into bio transition

Replay - 16-Bit LE (TvP) Reaper Cyclone into Bio

Build Order

Get SALT Encoding   

  12  0:02  SCV  
  12  0:15  SCV  
  12  0:21  Supply Depot  
  12  0:27  SCV  
  12  0:30  Refinery  
  12  0:43  SCV  
  12  0:47  Barracks  
  12  0:56  Refinery  
  12  1:05  SCV  
  12  1:17  SCV  
  12  1:34  Orbital Command  
  12  1:35  Reaper  
  12  1:52  Command Center  
  12  2:00  Refinery  
  12  2:01  SCV  
  12  2:12  Factory  
  12  2:19  Barracks Reactor  
  12  2:20  SCV  
  12  2:32  Supply Depot  
  12  2:42  SCV  
  12  2:54  SCV  
  12  3:02  Cyclone x2  
  12  3:11  Orbital Command  
  12  3:17  Supply Depot  
  12  3:37  Cyclone  
  12  3:42  Engineering Bay  
  12  3:48  Cyclone  
  12  4:07  Barracks  
  12  4:14  Barracks Tech Lab  
  12  4:24  Starport  
  12  4:35  Missile Turret x2  
  12  4:49  Stimpack  
  12  4:50  Marine  
  12  5:02  Barracks  
  12  5:08  Terran Infantry Weapons Level 1  
  12  5:09  Starport Reactor  
  12  5:19  Marine x3, Supply Depot  
  12  5:33  Supply Depot  
  12  5:40  Marine x3  
  12  5:46  Factory Reactor  
  12  5:47  Engineering Bay  
  12  5:54  Medivac x2  
  12  5:58  Marine x3  
  12  6:24  Medivac  
  12  6:36  Refinery x2  
  12  6:50  Combat Shields  
  12  6:59  Terran Infantry Armor Level 1  
  12  7:00  Armory  
  12  7:02  Medivac  
  12  7:13  Medivac  
  12  7:38  Command Center  
  12  7:56  Terran Infantry Weapons Level 2  
  12  8:01  Viking x2  
  12  8:25  Refinery x2  
  12  8:32  Sensor Tower  
  12  8:34  Viking  
  12  8:50  Orbital Command  
  12  8:51  Missile Turret  
  12  8:55  Viking  
  12  9:03  Terran Infantry Armor Level 2  
  12  9:04  Viking  
  12  9:07  Concussive Shells  
  12  9:24  Barracks x2  
  12  9:25  Terran Ship Weapons Level 1  
  12  9:49  Command Center  
  12  9:57  Marauder  
Spawning Tool Build Advisor. Get it on Overwolf

Go to:

Details

  • Created by: silverhorn  
  • Published on: Jul 21, 2018
  • Modified on: Aug 14, 2018
  • Patch: 4.0.0
Show
View Real Time Build Order
Export as new Build Order

Comments (0)

There are no comments. Be the first!

Create an account to comment!